 Dungeon Crawl Stone Soup version 0.21.1-1-g345015f (webtiles) character file.

1293 troglodite the Skirmisher (level 8, 0/94 HPs)
             Began as a Demonspawn Berserker on July 24, 2018.
             Was a Priest of Trog.
             Killed from afar by Pad's ghost (37 damage)
             ... with an orb of energy
             ... on level 6 of the Dungeon.
             The game lasted 00:13:20 (6882 turns).

troglodite the Skirmisher (Demonspawn Berserker)    Turns: 6882, Time: 00:13:21

Health: 0/94       AC: 10    Str: 25    XL:     8   Next: 30%
Magic:  8/8        EV: 13    Int:  8    God:    Trog [***...]
Gold:   267        SH:  0    Dex: 16    Spells: 7/7 levels left

rFire    . . .     SeeInvis .   a - +0 falchion
rCold    . . .     Gourm    .   (no shield)
rNeg     + . .     Faith    .   y - +4 ring mail of Xocetiyrch {rN+ Str+3}
rPois    .         Spirit   .   (helmet restricted)
rElec    .         Reflect  .   (no cloak)
rCorr    .         Harm     .   (no gloves)
MR       .....                  (no boots)
Stlth    ..........             (no amulet)
HPRegen  0.25/turn              (no ring)
MPRegen  0.11/turn              (no ring)

@: berserking (expiring), starving, very quick
A: antennae 1, claws 1, demonic guardian 2, powered by death 2
a: Berserk, Trog's Hand, Burn Spellbooks, Renounce Religion


You were on level 6 of the Dungeon.
You worshipped Trog.
Trog was most pleased with you.
You were starving.

You visited 1 branch of the dungeon, and saw 6 of its levels.

You collected 267 gold pieces.

Inventory:

Hand Weapons
 a - a +0 falchion (weapon)
Armour
 y - the +4 ring mail of Xocetiyrch (worn) {rN+ Str+3}
   (You found it on level 5 of the Dungeon)

   It affects your strength (+3).
   It protects you from negative energy.
Jewellery
 n - an uncursed ring of fire
Wands
 k - a wand of polymorph (7)
 u - a wand of flame (32)
 x - a wand of scattershot (6)
Scrolls
 d - 15 scrolls of identify {unknown}
 e - 2 scrolls of fear {unknown}
 f - a scroll of amnesia {unknown}
 g - 3 scrolls of remove curse {unknown}
 h - 2 scrolls of enchant weapon {unknown}
 l - a scroll of blinking {unknown}
 r - a scroll of immolation {unknown}
 z - a scroll of noise {unknown}
Potions
 b - a potion of heal wounds {unknown}
 i - 2 potions of might {unknown}
 j - a potion of ambrosia {unknown}
 m - 2 potions of haste
 o - a potion of curing {unknown}
 p - 2 potions of agility {unknown}
 s - 2 potions of degeneration {unknown}
 t - a potion of magic {unknown}
 v - a potion of lignification {unknown}
 w - a potion of cancellation {unknown}
Comestibles
 c - 11 rations


   Skills:
 * Level 5.6 Fighting
 + Level 5.6 Long Blades
 * Level 5.5 Armour
 * Level 3.7 Dodging
 - Level 0.2 Stealth


You had 7 spell levels left.
You didn't know any spells.

Dungeon Overview and Level Annotations

Branches:
Dungeon (6/15)
 Temple: D:4-7

Altars:
Ashenzari
Cheibriados
Fedhas
Gozag
Sif Muna
Vehumet
Zin

Annotations:
D:6 Pad's ghost, novice DrCj


Innate Abilities, Weirdness & Mutations

You have a pair of small antennae on your head.
You have sharp fingernails.
A demonic guardian rushes to your aid.
You regenerate health from kills.


Message History

You hit Pad's ghost.
Pad's ghost is severely damaged.
Pad's ghost hits you.
You completely miss Pad's ghost.
Pad's ghost is severely damaged.
Your orange demon stings Pad's ghost!
Your orange demon closely misses Pad's ghost.
You miss Pad's ghost.
Pad's ghost is severely damaged.
Pad's ghost ripples.
Pad's ghost points at you and mumbles some strange words.
The orb of energy hits you!
The orb of energy explodes!
The mystic blast hits your orange demon.
Your orange demon stings Pad's ghost.
Your orange demon hits Pad's ghost but does no damage.
You closely miss Pad's ghost.
Pad's ghost is severely damaged.
Pad's ghost points at you and mumbles some strange words.
The orb of energy hits you!
You die...

... ... ... #:# #S# #.#
##### ###W##...... #..4@.#
#.#.#.# ######## #.#.#.#
#......# ########.#.#.#
#.####.# #..........#.#
#.# #.#
#.######...#.######.####.#
#.# #.................#
#.# #......#####.###..#
#.# ##.....## #.###..#


You could see Pad's ghost, a ball python and a friendly orange demon.

Vanquished Creatures
  The ghost of wojtek the Cleaver, an amateur MiFi (D:4)
  A sky beast (D:6)
  An ogre (D:5)
  A centaur (D:5)
  A scorpion (D:3)
  A crimson imp (D:5)
  A hound (D:4)
  2 jellies (D:5)
  3 orc priests
  2 orc wizards
  A worker ant (D:5)
  A killer bee zombie (D:5)
  6 gnolls
  5 adders
  A shadow imp (D:5)
  3 oozes
  3 dart slugs
  4 worms
  6 leopard geckos
  6 orcs
  8 giant cockroaches
  8 goblins
  4 hobgoblins
  7 jackals
  3 quokkas
  2 ball pythons
  4 bats
  5 frilled lizards
  A jackal skeleton (D:5)
  6 kobolds
  A leopard gecko skeleton (D:4)
  6 rats
105 creatures vanquished.

Vanquished Creatures (collateral kills)
  An orc warrior (D:6)
  A centaur (D:5)
  An ogre (D:5)
  A howler monkey (D:4)
  2 crimson imps
  A bullfrog zombie (D:5)
  2 orc wizards (D:6)
  A worker ant (D:6)
  An adder (D:5)
  An adder skeleton (D:4)
  3 orcs
  A jackal (D:4)
16 creatures vanquished.

Grand Total: 121 creatures vanquished

Notes
Turn   | Place    | Note
-------+----------+-------------------------------------------
     0 | D:1      | troglodite the Demonspawn Berserker began the quest for the Orb.
     0 | D:1      | Reached XP level 1. HP: 18/18 MP: 1/1
   266 | D:1      | Gained mutation: A weak demonic guardian rushes to your aid. [demonic ancestry]
   266 | D:1      | Reached XP level 2. HP: 24/24 MP: 2/2
  1098 | D:2      | Gained mutation: You regenerate a little health from kills. [demonic ancestry]
  1098 | D:2      | Reached XP level 3. HP: 17/29 MP: 3/3
  1306 | D:2      | Reached ** piety under Trog
  2137 | D:3      | Noticed a scorpion
  2142 | D:3      | Killed a scorpion
  2142 | D:3      | Gained mutation: You have a pair of small antennae on your head. [demonic ancestry]
  2142 | D:3      | Reached XP level 4. HP: 37/37 MP: 4/4
  2507 | D:3      | Found a radiant altar of Vehumet.
  2879 | D:3      | Gained mutation: You have sharp fingernails. [demonic ancestry]
  2879 | D:3      | Reached XP level 5. HP: 37/42 MP: 5/5
  3629 | D:3      | Found a snail-covered altar of Cheibriados.
  3629 | D:3      | Found a glowing silver altar of Zin.
  3774 | D:4      | Found a blossoming altar of Fedhas.
  3774 | D:4      | Noticed a centaur
  4024 | D:4      | Gained mutation: You regenerate health from kills. [demonic ancestry]
  4024 | D:4      | Reached XP level 6. HP: 45/49 MP: 6/6
  4037 | D:4      | Found a shattered altar of Ashenzari.
  4057 | D:4      | Noticed wojtek's ghost (amateur MiFi)
  4072 | D:4      | Killed wojtek's ghost
  4310 | D:4      | Reached *** piety under Trog
  4317 | D:4      | Reached XP level 7. HP: 53/55 MP: 7/7
  4747 | D:5      | Entered Level 5 of the Dungeon
  4822 | D:6      | Reached skill level 5 in Fighting
  5145 | D:5      | Reached skill level 5 in Long Blades
  5251 | D:5      | Found a deep blue altar of Sif Muna.
  5324 | D:5      | Reached skill level 5 in Armour
  5340 | D:5      | Got a transparent ring mail
  5372 | D:5      | Gained mutation: A demonic guardian rushes to your aid. [demonic ancestry]
  5372 | D:5      | Reached XP level 8. HP: 42/62 MP: 8/8
  5475 | D:5      | Identified the +4 ring mail of Xocetiyrch {rN+ Str+3} (You found it on level 5 of the Dungeon)
  6798 | D:6      | Found an opulent altar of Gozag.
  6865 | D:6      | Noticed Pad's ghost (novice DrCj)
  6882 | D:6      | Killed from afar by Pad's ghost

Skill      XL: |  1  2  3  4  5  6  7 |
---------------+----------------------+-----
Dodging        | 2 3 |  3.7
Long Blades    | 3 4 5 |  5.6
Armour         | 2 3 5 |  5.5
Fighting       | 4 5 |  5.6
Stealth        | |  0.2

Action                   |  1- 3 |  4- 6 |  7- 9 || total
-------------------------+-------+-------+-------++-------
Melee: Falchion          |   103 |   142 |   171 ||   416
Invok: Berserk           |     5 |     3 |     5 ||    13
 Stab: Distracted        |       |     1 |     2 ||     3
  Eat: Chunk             |     8 |    10 |     8 ||    26
       Ration            |       |       |     1 ||     1
Armor: Animal skin       |     5 |       |       ||     5
       Ring mail         |    15 |    14 |    33 ||    62
       Plate armour      |       |    68 |    77 ||   145
Dodge: Dodged            |    60 |    57 |    74 ||   191
       Rpst.: Falchion   |    24 |    22 |    23 ||    69
